 Dungeon Crawl Stone Soup version 0.22-a0-553-g9358b0b (webtiles) character file.

36 kae the Insei (level 3, 0/26 HPs)
             Began as a Demonspawn Transmuter on June 25, 2018.
             Succumbed to an adder's poison
             ... on level 3 of the Dungeon.
             The game lasted 00:01:36 (1270 turns).

kae the Insei (Demonspawn Transmuter)               Turns: 1270, Time: 00:01:37

Health: 0/26       AC:  2    Str: 10    XL:     3   Next: 19%
Magic:  4/6        EV: 12    Int: 14    God:
Gold:   100        SH:  0    Dex: 14    Spells: 3/6 levels left

rFire    . . .     SeeInvis .   j - +0 club
rCold    . . .     Gourm    .   (no shield)
rNeg     . . .     Faith    .   b - +0 robe
rPois    .         Spirit   .   (helmet restricted)
rElec    .         Reflect  .   (no cloak)
rCorr    .         Harm     .   (no gloves)
MR       .....                  (no boots)
Stlth    ++........             (no amulet)
HPRegen  0.08/turn              (no ring)
MPRegen  0.10/turn              (no ring)

@: lethally poisoned (0 -> -5), flying
A: antennae 1, nightstalker 1
a: no special abilities


You were on level 3 of the Dungeon.
You were not hungry.

You visited 1 branch of the dungeon, and saw 3 of its levels.

You collected 100 gold pieces.

Inventory:

Hand Weapons
 j - a +0 club (weapon)
Missiles
 a - 11 arrows
Armour
 b - a +0 robe (worn)
Jewellery
 c - an uncursed ring of magical power {unknown}
 k - an uncursed ring of magical power {unknown}
Wands
 f - a wand of flame (25)
Scrolls
 g - a scroll of remove curse
Comestibles
 d - 3 rations


   Skills:
 + Level 1.5 Fighting
 - Level 1.7 Dodging
 * Level 3.1 Unarmed Combat
 + Level 2.2 Spellcasting
 * Level 2.3 Transmutations


You had 3 spell levels left.
You knew the following spells:

 Your Spells              Type           Power        Failure   Level  Hunger
a - Beastly Appendage     Tmut           #.....       9%          1    #......
b - Sticks to Snakes      Tmut           #.......     13%         2    ###....

Your spell library contained the following spells:

 Spells                   Type           Power        Failure   Level  Hunger
 Spider Form              Tmut/Pois      #.........   38%         3    ###....
 Blade Hands              Tmut           #.........   94%         5    ######.
 Ice Form                 Ice/Tmut       #.......     80%         4    #####..


Dungeon Overview and Level Annotations

Branches:
Dungeon (3/15)

Altars:


Innate Abilities, Weirdness & Mutations

You have a pair of small antennae on your head.
You are slightly more attuned to the shadows.


Message History

You have reached level 3!
Your experience leads to an increase in your attributes!
Increase (S)trength, (I)ntelligence, or (D)exterity?
You feel agile.
Your demonic ancestry asserts itself...
You slip into the darkness of the dungeon.
* * * LOW HITPOINT WARNING * * *
You feel sick.
There is a lethal amount of poison in your body!
There is a lethal amount of poison in your body!
It was a potion of flight.
You feel very buoyant.
You fly up into the air.
* * * LOW HITPOINT WARNING * * *
You feel sick.
Okay, then.
* * * LOW HITPOINT WARNING * * *
You feel sick.
There is a stone staircase leading down here.
You fly downwards.
Your summoned ally is left behind.
You die...

..# #.#
..# .. .
#.#.. ..
##.#. ...
... ..
#.#.#
#@..#
#.### ...
..$..
.......
#........
#........#


There were no monsters in sight!

Vanquished Creatures
  An adder (D:2)
  2 dart slugs (D:1)
  2 leopard geckos (D:1)
  A giant cockroach (D:1)
  4 goblins (D:1)
  2 hobgoblins
  5 kobolds (D:1)
  A bat (D:1)
  A frilled lizard (D:1)
  2 rats (D:2)
21 creatures vanquished.

Notes
Turn   | Place    | Note
-------+----------+-------------------------------------------
     0 | D:1      | kae the Demonspawn Transmuter began the quest for the Orb.
     0 | D:1      | Reached XP level 1. HP: 15/15 MP: 3/3
   403 | D:1      | Lost mutation: You have a pair of horns on your head. [demonic ancestry]
   403 | D:1      | Lost mutation: You have a pair of small horns on your head. [demonic ancestry]
   403 | D:1      | Gained mutation: You have a pair of small antennae on your head. [demonic ancestry]
   403 | D:1      | Reached XP level 2. HP: 15/21 MP: 3/5
   495 | D:1      | Reached skill level 3 in Unarmed Combat
   533 | D:1      | Learned a level 2 spell: Sticks to Snakes
  1264 | D:2      | Gained mutation: You are slightly more attuned to the shadows. [demonic ancestry]
  1264 | D:2      | Reached XP level 3. HP: 4/26 MP: 3/6
  1267 | D:2      | HP: 1/26 [poisoned by an adder]
  1270 | D:3      | Succumbed to an adder's poison

Vault maps used:
D:1:      minmay_arrival_split_and_join, minmay_tromino_v4_b
D:2:      overflow_temple_1_default, due_unseen_surprise
D:3:      first_ration, uniq_terence

Skill      XL: |  1  2 |
---------------+-------+-----
Transmutations | 2 |  2.3
Unarmed Combat | 3 |  3.1
Fighting       | |  1.5
Dodging        | |  1.7
Spellcasting   | |  2.2

Action                   || total
-------------------------++-------
Melee: Unarmed           ||    39
       Kick              ||     9
       Headbutt          ||     1
       Club              ||    28
 Cast: Beastly Appendage ||    11
       Sticks to Snakes  ||     1
  Use: Scroll            ||     5
       Potion            ||     1
 Stab: Sleeping          ||     1
  Eat: Chunk             ||     1
Armor: Robe              ||     9
Dodge: Dodged            ||    50

Table legend:
 A = Spawn XP
 B = Non-spawn XP
 C = Spawn XP percentage of total XP
 D = Spawn monster count
 E = Non-spawn monster count
 F = Spawn count percentage of total count
 G = Total turns spent on level
                    A         B        C        D         E        F      G
               +---------+---------+-------+---------+---------+-------+---------
         Total |       0 |      52 |   0.0 |       0 |      21 |   0.0 |  1270
               +---------+---------+-------+---------+---------+-------+---------
           D:1 |       0 |      36 |   0.0 |       0 |      17 |   0.0 |  1117
           D:2 |       0 |      16 |   0.0 |       0 |       4 |   0.0 |   153
               +---------+---------+-------+---------+---------+-------+---------
